[Event "January 9 Early 2024"]
[Site "https://www.chess.com"]
[Date "2024.01.11"]
[Round "2"]
[White "Mortazavi, Ali"]
[Black "Sychev, Klementy"]
[Result "1/2-1/2"]
[Board "273"]
[TimeControl "180+1"]
[WhiteFideId "401323"]
[BlackFideId "4114060"]
[WhiteElo "2555"]
[BlackElo "2810"]
[WhiteTeam "ENG"]
[BlackTeam "FID"]
[WhiteClock "0:00:10"]
[BlackClock "0:00:06"]

1. Nf3 Nf6 2. g3 d5 3. Bg2 Bg4 4. O-O c6 5. d3 Nbd7 6. c4 dxc4 7. dxc4 e5 8. Nc3 Qc7 9. Qc2 Be7 10. b3 O-O 11. Bb2 Rfe8 12. Nh4 Bf8 13. Rad1 Nc5 14. h3 Bh5 15. g4 Bg6 16. Nxg6 hxg6 17. Ne4 Nfxe4 18. Bxe4 Rad8 19. e3 a5 20. Bc3 Ne6 21. Bg2 Bb4 22. Bb2 Be7 23. Rxd8 Rxd8 24. Rd1 Ra8 25. Bc3 Bb4 26. Ba1 a4 27. Qe4 Bd6 28. b4 Bxb4 29. Bxe5 Qe7 30. f4 Nf8 31. Qd3 Ne6 32. Bd6 Bxd6 33. Qxd6 Qxd6 34. Rxd6 Kf8 35. Rd7 Nc5 36. Rc7 Rd8 37. e4 Rd2 38. e5 Rxa2 39. f5 gxf5 40. gxf5 a3 41. f6 gxf6 42. exf6 Kg8 43. Rc8+ Kh7 44. Ra8 Kg6 45. Ra5 b6 46. Ra7 Nb3 47. Bxc6 Na5 48. Bd5 Rd2 49. Bxf7+ Kxf6 50. c5 a2 51. Bxa2 Rxa2 52. cxb6 Rb2 53. Rxa5 Rxb6 54. Rc5 Kg6 55. Kg2 Rb3 56. Rc2 Ra3 57. Rf2 Rb3 58. Rf3 Rxf3 59. Kxf3 Kh5 60. h4 Kxh4 1/2-1/2

[Event "January 9 Early 2024"]
[Site "https://www.chess.com"]
[Date "2024.01.11"]
[Round "2"]
[White "Shohat, Yotam"]
[Black "Samunenkov, Ihor"]
[Result "0-1"]
[Board "274"]
[TimeControl "180+1"]
[WhiteFideId "2813955"]
[BlackFideId "14187086"]
[WhiteElo "2412"]
[BlackElo "2756"]
[WhiteTeam "ISR"]
[BlackTeam "UKR"]
[WhiteClock "0:00:02"]
[BlackClock "0:00:04"]

1. e4 c6 2. d4 d5 3. exd5 cxd5 4. Bd3 Nc6 5. c3 Nf6 6. Bf4 Bg4 7. Qb3 Qd7 8. Nd2 e6 9. Ngf3 Bd6 10. Bxd6 Qxd6 11. O-O O-O 12. Rfe1 Ne7 13. Ne5 Bf5 14. Bf1 Qc7 15. a4 Ne8 16. a5 Nd6 17. h3 Nc6 18. a6 b6 19. Nxc6 Qxc6 20. Nf3 Be4 21. Ne5 Qc7 22. Qb4 Rfd8 23. Rac1 Bg6 24. h4 Rac8 25. g3 Qe7 26. Qa4 Qe8 27. Qd1 Qe7 28. h5 Bf5 29. g4 Be4 30. f3 f6 31. fxe4 dxe4 32. Qe2 fxe5 33. dxe5 Nc4 34. Qxe4 Qc5+ 35. Kh1 Nxb2 36. Re3 Nd1 37. Rf3 Nf2+ 38. Rxf2 Qxf2 39. Bg2 Qd2 40. Rf1 Qxc3 41. h6 g6 42. Qb7 Qc7 43. Qf3 Rf8 44. Qe3 Rxf1+ 45. Bxf1 Qc1 46. Qh3 Rf8 47. Kg1 Qc5+ 48. Kh1 Qxe5 49. Qg2 Qd5 0-1

[Event "January 9 Early 2024"]
[Site "https://www.chess.com"]
[Date "2024.01.11"]
[Round "2"]
[White "Salman, Ilhan Serhat"]
[Black "Rustamov, Rustam"]
[Result "0-1"]
[Board "275"]
[TimeControl "180+1"]
[WhiteFideId "6361579"]
[BlackFideId "13440110"]
[WhiteElo "2502"]
[BlackElo "2914"]
[WhiteTeam "TUR"]
[BlackTeam "AZE"]
[WhiteClock "0:00:07"]
[BlackClock "0:00:20"]

1. Nf3 Nf6 2. c4 e6 3. g3 d5 4. Bg2 Be7 5. d4 O-O 6. O-O dxc4 7. Qa4 a6 8. Qxc4 b5 9. Qc2 Bb7 10. Nc3 Nbd7 11. Rd1 Rc8 12. Bg5 c5 13. dxc5 Rxc5 14. Qd2 b4 15. Na4 Rd5 16. Qc2 Qa5 17. Bxf6 Nxf6 18. Nd2 Rc8 19. Nc4 Rxd1+ 20. Rxd1 Bxg2 21. Nxa5 Rxc2 22. Kxg2 Rxe2 23. Nc6 Bf8 24. Rd8 g6 25. Ra8 h5 26. Kf3 Rc2 27. Rxa6 Ng4 28. Rb6 f5 29. Kg2 Rxf2+ 30. Kg1 Rxh2 31. Ne5 Rxb2 32. Nxg6 Rxa2 33. Nxf8 Kxf8 34. Rxb4 Ne3 35. Nc5 Ke7 36. Rb7+ Kd6 37. Nd3 Rg2+ 38. Kh1 Rxg3 39. Rb6+ Ke7 40. Nf4 Nd5 41. Nxd5+ exd5 42. Kh2 Rg4 43. Rh6 h4 44. Kh3 d4 45. Ra6 d3 46. Ra2 Ke6 47. Rd2 Rd4 48. Kg2 Ke5 49. Kf3 h3 50. Ke3 f4+ 51. Kf3 Kd5 52. Rd1 Kc4 53. Rc1+ Kb3 54. Rd1 Kc2 55. Re1 d2 56. Ra1 d1=Q+ 57. Rxd1 Kxd1 58. Kf2 h2 59. Kg2 f3+ 60. Kf2 h1=Q 61. Kg3 Qg2# 0-1

[Event "January 9 Early 2024"]
[Site "https://www.chess.com"]
[Date "2024.01.11"]
[Round "2"]
[White "Livaic, Leon"]
[Black "Vestby-Ellingsen, Mads"]
[Result "1-0"]
[Board "276"]
[TimeControl "180+1"]
[WhiteFideId "14531534"]
[BlackFideId "1520857"]
[WhiteElo "2919"]
[BlackElo "2606"]
[WhiteTeam "CRO"]
[BlackTeam "NOR"]
[WhiteClock "0:00:07"]
[BlackClock "0:00:01"]

1. d4 Nf6 2. c4 c5 3. d5 e5 4. Nc3 d6 5. e4 Be7 6. g3 O-O 7. Bg2 Na6 8. Nge2 Nc7 9. O-O a6 10. h3 b5 11. b3 Re8 12. Be3 Bf8 13. Qc2 Bd7 14. f4 exf4 15. gxf4 b4 16. Nd1 Qe7 17. Ng3 a5 18. Bf2 a4 19. Ne3 g6 20. Rae1 Bh6 21. e5 dxe5 22. fxe5 Qxe5 23. Ng4 Nxg4 24. Rxe5 Nxe5 25. d6 Ne6 26. Bxa8 Rxa8 27. Qe4 Nc6 28. Be3 Bg7 29. Qf3 f5 30. Qd5 Kh8 31. Kh2 axb3 32. axb3 Ra3 33. Bxc5 Rxb3 34. Re1 Rb2+ 35. Kh1 Nxc5 36. Qxc5 Rc2 37. Qb6 h6 38. Qb7 Ne5 39. Rxe5 Bxe5 40. Qxd7 Bxg3 41. Qe8+ Kg7 42. Qe7+ Kg8 43. d7 Bc7 44. d8=Q+ Bxd8 45. Qxd8+ Kf7 46. Qd7+ Kf6 47. Qd6+ Kf7 48. Qxb4 g5 49. c5 Kg6 50. Qb6+ Kh5 51. c6 Kh4 52. c7 Kxh3 53. Qb3+ Kh4 54. Qxc2 1-0

[Event "January 9 Early 2024"]
[Site "https://www.chess.com"]
[Date "2024.01.11"]
[Round "2"]
[White "Zilleruelo Irizarry, Diego"]
[Black "Urbina Perez, Juan Antonio"]
[Result "0-1"]
[Board "277"]
[TimeControl "180+1"]
[WhiteFideId "3101460"]
[BlackFideId "2217368"]
[WhiteElo "2307"]
[BlackElo "2526"]
[WhiteTeam "PUR"]
[BlackTeam "ESP"]
[WhiteClock "0:00:08"]
[BlackClock "0:00:33"]

1. e4 c6 2. d4 d5 3. exd5 cxd5 4. Bd3 Nf6 5. h3 Nc6 6. Nf3 Nb4 7. O-O Nxd3 8. Qxd3 e6 9. c3 Be7 10. Ne5 O-O 11. Bg5 Nd7 12. Bxe7 Qxe7 13. Nxd7 Bxd7 14. Nd2 a6 15. Rfe1 b5 16. Nf3 f6 17. Re3 Rfc8 18. Rae1 b4 19. Nh4 bxc3 20. bxc3 Qa3 21. Qd2 Rab8 22. R1e2 Rb1+ 23. Kh2 Qc1 24. f4 g6 25. Kg3 Qxd2 26. Rxd2 Rc1 27. Rdd3 Kf7 28. Kf3 Bb5 29. Rd2 R1xc3 30. Rxc3 Rxc3+ 31. Kf2 Bc4 32. Rb2 Bb5 33. Nf3 Ra3 34. g4 h6 35. g5 hxg5 36. fxg5 fxg5 37. Nxg5+ Kf6 38. Nf3 Bc4 39. Rb7 Rxa2+ 40. Kg3 Ra3 41. Kf2 Rb3 42. Ra7 Kf5 43. Rf7+ Ke4 44. Nd2+ Kxd4 45. Nxb3+ Bxb3 46. Rf6 Ke5 47. Rxg6 a5 48. Ke3 a4 49. Kd2 Kf5 50. Rg3 e5 51. h4 Kf4 52. Rg7 e4 53. h5 e3+ 54. Kd3 Bc4+ 55. Kc3 e2 56. Re7 a3 57. h6 a2 58. Kb2 Bd3 59. Kxa2 Be4 60. Kb2 e1=Q 61. h7 Qb4+ 62. Kc1 Qxe7 63. h8=Q Qc5+ 64. Kb2 Qc2+ 65. Ka3 Qd3+ 66. Kb2 Ke3 67. Qh3+ Kd4 68. Qh8+ Kc4 69. Qc8+ Kb4 70. Qb7+ Qb5 71. Qe7+ Kc4+ 72. Ka2 Qb1+ 73. Ka3 Qb3# 0-1

[Event "January 9 Early 2024"]
[Site "https://www.chess.com"]
[Date "2024.01.11"]
[Round "2"]
[White "Herman, Matthew"]
[Black "Petrukhina, Olga"]
[Result "1-0"]
[Board "278"]
[TimeControl "180+1"]
[WhiteFideId "2028964"]
[BlackFideId "13703935"]
[WhiteElo "2522"]
[BlackElo "2294"]
[WhiteTeam "USA"]
[BlackTeam "KAZ"]
[WhiteClock "0:00:09"]
[BlackClock "0:00:08"]

1. e4 e6 2. d4 d5 3. Nd2 c5 4. Ngf3 cxd4 5. exd5 Qxd5 6. Bc4 Qd6 7. O-O Nf6 8. Re1 Nc6 9. Ne4 Nxe4 10. Rxe4 Qc5 11. b3 Be7 12. Bf4 Bf6 13. c3 dxc3 14. Bd6 Qf5 15. Qe2 Bd7 16. Rc1 Be7 17. Bxe7 Kxe7 18. Rxc3 Rhd8 19. g4 Qf6 20. Rce3 Kf8 21. g5 Qa1+ 22. Kg2 Kg8 23. Rh4 g6 24. Bd3 Ne7 25. Ne5 Nf5 26. Bxf5 exf5 27. Reh3 Bc6+ 28. Nxc6 bxc6 29. Rxh7 Qd4 30. Qe3 Qd5+ 31. Kg3 Qd6+ 32. Qf4 Qxf4+ 33. Kxf4 Kf8 34. Rh8+ Ke7 35. Re3+ Kd7 36. Rd3+ Kc7 37. Rdxd8 Rxd8 38. Rxd8 Kxd8 39. Ke5 Ke7 40. b4 a6 41. h4 Kd7 42. Kf6 Ke8 43. a4 Kf8 44. f4 Ke8 45. h5 gxh5 46. Kxf5 Ke7 47. Ke4 Ke6 48. f5+ Kd6 49. Kf4 Kd5 50. g6 fxg6 51. fxg6 Ke6 52. Kg5 Ke7 53. Kxh5 Kf8 54. Kh6 Kg8 55. Kg5 Kg7 56. Kf5 Kg8 57. Ke5 Kg7 58. Kd6 Kxg6 59. Kxc6 Kf6 60. Kb6 1-0

[Event "January 9 Early 2024"]
[Site "https://www.chess.com"]
[Date "2024.01.11"]
[Round "2"]
[White "Kashtanov, Ruslan"]
[Black "Saydaliev, Saidakbar"]
[Result "0-1"]
[Board "279"]
[TimeControl "180+1"]
[WhiteFideId "4124871"]
[BlackFideId "14203693"]
[WhiteElo "2482"]
[BlackElo "2769"]
[WhiteTeam "RUS"]
[BlackTeam "UZB"]
[WhiteClock "0:00:06"]
[BlackClock "0:00:08"]

1. e4 c5 2. Nf3 d6 3. d4 cxd4 4. Nxd4 Nf6 5. Nc3 a6 6. Be2 e5 7. Nb3 Be7 8. g4 Be6 9. g5 Nfd7 10. h4 Nc6 11. Be3 Rc8 12. Rg1 Na5 13. Nd5 Nc4 14. Bxc4 Rxc4 15. Qd3 b5 16. O-O-O Rc6 17. Nxe7 Qxe7 18. Na5 Nc5 19. Bxc5 Rxc5 20. Qxd6 Qxd6 21. Rxd6 h6 22. Nb7 Rc8 23. Rxe6+ fxe6 24. Nd6+ Ke7 25. Nxc8+ Rxc8 26. gxh6 gxh6 27. Rg6 Rf8 28. Rxh6 Rxf2 29. a4 Rf4 30. Rh7+ Kd6 31. a5 Rxe4 32. Ra7 Rxh4 33. Rxa6+ Kd5 34. Rb6 e4 35. Rxb5+ Kd4 36. Rb4+ Ke3 37. Rb3+ Ke2 38. Kb1 Rh5 39. Ra3 Rh8 40. a6 e3 41. a7 Ra8 42. Ra6 e5 43. c3 Kd3 44. Rd6+ Ke4 45. Kc2 Rxa7 46. Rh6 Ra1 47. Rh4+ Kf3 48. Rh3+ Kf4 49. Rh4+ Kg3 50. Re4 Kf3 51. Rxe5 e2 0-1

[Event "January 9 Early 2024"]
[Site "https://www.chess.com"]
[Date "2024.01.11"]
[Round "2"]
[White "Rosenberg, Evan S"]
[Black "Poormosavi, Seyed Kian"]
[Result "0-1"]
[Board "280"]
[TimeControl "180+1"]
[WhiteFideId "2019299"]
[BlackFideId "12585807"]
[WhiteElo "2378"]
[BlackElo "2738"]
[WhiteTeam "USA"]
[BlackTeam "IRI"]
[WhiteClock "0:00:16"]
[BlackClock "0:00:11"]

1. d4 Nf6 2. Nf3 b6 3. g3 Bb7 4. Bg2 g6 5. O-O Bg7 6. c4 O-O 7. Nc3 d5 8. cxd5 Nxd5 9. Bd2 c5 10. dxc5 Nxc3 11. Bxc3 Bxc3 12. bxc3 bxc5 13. Rb1 Qc7 14. Qd2 Nd7 15. Qh6 Nf6 16. h3 Rab8 17. Rfd1 Bxf3 18. Bxf3 Rxb1 19. Rxb1 Rb8 20. Rb3 Rb6 21. Qd2 h5 22. h4 Nd7 23. Qe3 Qd6 24. c4 Ne5 25. Bd5 e6 26. Be4 Nxc4 27. Qh6 Ne5 28. Ra3 Ra6 29. Rxa6 Qxa6 30. Qg5 Qd6 31. e3 Kg7 32. Kg2 c4 33. Qf4 Qc5 34. Bc2 a5 35. Qd4 Qxd4 36. exd4 Nc6 37. Be4 Nxd4 38. Kf1 f5 39. Bb1 a4 40. Ke1 c3 41. Kd1 a3 42. Kc1 e5 43. Bd3 Kf6 44. Bc4 e4 45. Bg8 g5 46. hxg5+ Kxg5 47. Bf7 h4 48. gxh4+ Kxh4 49. Bg6 Kg4 50. Bh7 Kf3 51. Bxf5 Nxf5 52. Kc2 Kxf2 53. Kxc3 e3 54. Kb3 e2 55. Kxa3 e1=Q 56. Ka4 Qe6 57. a3 Ke3 58. Ka5 Kd4 59. a4 Qb3 60. Ka6 Kc5 61. a5 Kc6 62. Ka7 Qb7# 0-1

[Event "January 9 Early 2024"]
[Site "https://www.chess.com"]
[Date "2024.01.11"]
[Round "2"]
[White "Santos Latasa, Jaime"]
[Black "Rangel, Daniel"]
[Result "1/2-1/2"]
[Board "281"]
[TimeControl "180+1"]
[WhiteFideId "2293307"]
[BlackFideId "2124475"]
[WhiteElo "2911"]
[BlackElo "2506"]
[WhiteTeam "ESP"]
[BlackTeam "BRA"]
[WhiteClock "0:00:21"]
[BlackClock "0:00:10"]

1. Nf3 Nf6 2. b3 g6 3. Bb2 Bg7 4. d4 O-O 5. e3 d5 6. Be2 c5 7. O-O Nc6 8. dxc5 Qa5 9. a3 Qxc5 10. b4 Qd6 11. c4 dxc4 12. Nbd2 b5 13. a4 Qxb4 14. axb5 Qxb2 15. Rb1 Qa3 16. Nxc4 Qc5 17. bxc6 Qxc6 18. Nfe5 Qc7 19. Bf3 Rb8 20. Rxb8 Qxb8 21. Qa4 Be6 22. Nc6 Qc7 23. N4e5 Nd5 24. Bxd5 Bxd5 25. f4 f6 26. e4 fxe5 27. exd5 exf4 28. Re1 f3 29. gxf3 Qb6+ 30. Kg2 Qb2+ 31. Kg3 Qf6 32. Qg4 Qd6+ 33. Kg2 Kh8 34. Nxe7 Qc5 35. Qe4 a5 36. Qe6 a4 37. d6 a3 38. Re2 Qg5+ 39. Kh1 Qc1+ 40. Kg2 Qg5+ 41. Kh1 Qc1+ 42. Re1 Qc3 43. Rf1 Qb2 44. d7 a2 45. Qa6 Rd8 46. Nc6 Rf8 47. d8=Q Rxd8 48. Nxd8 a1=Q 49. Rxa1 Qxa1+ 50. Qxa1 Bxa1 51. Nf7+ Kg7 52. Ng5 h6 53. Ne4 Be5 54. Kg2 Bf6 55. h3 Be5 56. Kf2 Bf4 57. Ke2 g5 58. Nf2 Kg6 59. Kd3 h5 60. Ke4 Bg3 61. Nd3 Bb8 62. Ne5+ Bxe5 63. Kxe5 g4 64. fxg4 hxg4 65. hxg4 Kg5 66. Ke4 Kxg4 1/2-1/2

[Event "January 9 Early 2024"]
[Site "https://www.chess.com"]
[Date "2024.01.11"]
[Round "2"]
[White "Korol, Dimitry"]
[Black "Mammadzada, Gunay"]
[Result "1-0"]
[Board "282"]
[TimeControl "180+1"]
[WhiteFideId "14108003"]
[BlackFideId "13403729"]
[WhiteElo "2338"]
[BlackElo "2498"]
[WhiteTeam "UKR"]
[BlackTeam "AZE"]
[WhiteClock "0:00:08"]
[BlackClock "0:00:04"]

1. d4 Nf6 2. c4 c5 3. d5 g6 4. Nc3 Bg7 5. e4 d6 6. Nf3 O-O 7. h3 e6 8. Be2 exd5 9. cxd5 Re8 10. Nd2 a6 11. a4 Nbd7 12. O-O Qc7 13. Re1 Nf8 14. Bf1 Bd7 15. a5 b5 16. axb6 Qxb6 17. Nc4 Qc7 18. Bf4 Nh5 19. Bxd6 Qd8 20. Bxc5 Rc8 21. Bd4 Qg5 22. Bxg7 Kxg7 23. Nd6 Bxh3 24. Nxe8+ Rxe8 25. Qf3 Bg4 26. Qe3 Qe5 27. f3 Bd7 28. Rad1 Ng3 29. Qd4 f6 30. Qxe5 Rxe5 31. Bxa6 g5 32. Kf2 Nh5 33. Bf1 Ng6 34. b4 Re8 35. Rb1 Ne5 36. Rec1 Nf4 37. Ke3 h5 38. b5 Bc8 39. b6 Bb7 40. Ra1 Kg6 41. Ra7 Rb8 42. Nb5 h4 43. Nd6 Ba8 44. b7 Bxb7 45. Rxb7 Ra8 46. Nf5 Ra3+ 47. Kd4 Ra4+ 48. Kc5 Nfd3+ 49. Bxd3 Nxd3+ 50. Kb5 Rb4+ 51. Kc6 Rxb7 52. Kxb7 Nxc1 53. d6 Kf7 54. d7 1-0

[Event "January 9 Early 2024"]
[Site "https://www.chess.com"]
[Date "2024.01.11"]
[Round "2"]
[White "Martin Duque, Jesus"]
[Black "Parpiev, Isaak"]
[Result "1-0"]
[Board "283"]
[TimeControl "180+1"]
[WhiteFideId "2208954"]
[BlackFideId "34281576"]
[WhiteElo "2397"]
[BlackElo "2680"]
[WhiteTeam "ESP"]
[BlackTeam "RUS"]
[WhiteClock "0:00:21"]
[BlackClock "0:00:01"]

1. Nf3 d5 2. b3 Bg4 3. e3 Nd7 4. Bb2 e5 5. h3 Bxf3 6. Qxf3 c6 7. g4 Bd6 8. Nc3 Ne7 9. h4 e4 10. Qg2 Ng6 11. g5 h5 12. gxh6 Rxh6 13. h5 Nh4 14. Qxg7 Rxh5 15. O-O-O Be5 16. Qg8+ Nf8 17. Be2 Rh8 18. Qg4 f5 19. Qh3 Qf6 20. d4 exd3 21. Rxd3 O-O-O 22. f4 Nhg6 23. Qg2 Rxh1+ 24. Qxh1 Bxc3 25. Bxc3 Qe6 26. Qh6 Rd7 27. Kb2 Rd8 28. Bh5 b6 29. Bg7 Kd7 30. Rd2 Qxe3 31. Re2 Qxf4 32. Bxf8 Qxh6 33. Bxh6 Nh8 34. Bg7 Rg8 35. Bxh8 Rxh8 36. Bg6 Rf8 37. Re5 f4 38. Rf5 Rg8 39. Bf7 Rf8 40. Be6+ Ke7 41. Rxf8 Kxf8 42. Kc3 Ke7 43. Bg4 Kd6 44. Kd4 c5+ 45. Kd3 Ke5 46. c4 d4 47. Bf3 Kf5 48. a3 a5 49. Ke2 Ke5 50. Kd3 Kf5 51. Be4+ Kg4 52. Ke2 Kg3 53. Bd5 Kg4 54. Kf2 Kf5 55. Kf3 Ke5 56. Be4 b5 57. cxb5 a4 58. b6 Kd6 59. b7 Kc7 60. bxa4 c4 61. Kxf4 d3 62. Ke3 c3 63. Kxd3 1-0

[Event "January 9 Early 2024"]
[Site "https://www.chess.com"]
[Date "2024.01.11"]
[Round "2"]
[White "Alinasab, Mobina"]
[Black "Molina, Roberto Junio Brito"]
[Result "0-1"]
[Board "284"]
[TimeControl "180+1"]
[WhiteFideId "12528897"]
[BlackFideId "2109450"]
[WhiteElo "2542"]
[BlackElo "2806"]
[WhiteTeam "IRI"]
[BlackTeam "BRA"]
[WhiteClock "0:00:08"]
[BlackClock "0:00:08"]

1. Nf3 d5 2. g3 c6 3. Bg2 Bg4 4. O-O Nd7 5. d4 e6 6. b3 Bd6 7. Bb2 Ngf6 8. c4 Qe7 9. Nc3 O-O 10. h3 Bh5 11. Nd2 Ba3 12. Qc1 Bxb2 13. Qxb2 a5 14. e4 dxe4 15. Ndxe4 Bg6 16. a3 Nxe4 17. Nxe4 Bxe4 18. Bxe4 Nf6 19. Bg2 Rfd8 20. Rad1 Rd7 21. Rd2 Rad8 22. Rfd1 h6 23. Kh2 Qd6 24. Bf3 b5 25. Qc3 b4 26. axb4 axb4 27. Qe3 Qc7 28. Bg2 c5 29. dxc5 Rxd2 30. Rxd2 Rxd2 31. Qxd2 Qxc5 32. Qd8+ Kh7 33. Qd3+ g6 34. Kg1 Kg7 35. Kf1 Ne8 36. Qd7 Nd6 37. Qc6 Qd4 38. Kg1 Nf5 39. c5 Nxg3 40. Qd6 Qa1+ 41. Kh2 Nf5 42. Qf4 Qc3 43. c6 g5 44. Qe4 Kf6 45. Qc4 Qxc4 46. bxc4 Ke7 47. c5 Kd8 48. Be4 Kc7 49. Kg2 Ne7 50. Kf3 f5 51. Bc2 Nxc6 52. Ke3 e5 53. Bb3 Nd4 54. Ba4 h5 55. Kd3 h4 56. Kc4 b3 0-1

[Event "January 9 Early 2024"]
[Site "https://www.chess.com"]
[Date "2024.01.11"]
[Round "2"]
[White "Souleidis, Georgios"]
[Black "Vokhidov, Shamsiddin"]
[Result "0-1"]
[Board "285"]
[TimeControl "180+1"]
[WhiteFideId "4206827"]
[BlackFideId "14204223"]
[WhiteElo "2650"]
[BlackElo "3006"]
[WhiteTeam "GRE"]
[BlackTeam "UZB"]
[WhiteClock "0:00:01"]
[BlackClock "0:00:34"]

1. e4 c5 2. Be2 d5 3. d3 Nc6 4. f4 g6 5. Nf3 Bg7 6. O-O Nf6 7. e5 Nh5 8. c3 Bh6 9. g3 Ng7 10. d4 cxd4 11. Nxd4 O-O 12. Be3 Nf5 13. Nxf5 Bxf5 14. Na3 Nxe5 15. g4 Bxg4 16. Bxg4 Nc6 17. Nc2 e6 18. Qd2 Rc8 19. Nd4 a6 20. Nxc6 Rxc6 21. Bd4 Qh4 22. Qg2 b5 23. Qg3 Qe7 24. a3 a5 25. Rae1 Qc7 26. Be5 Qb7 27. f5 exf5 28. Bxf5 b4 29. axb4 axb4 30. Bd4 bxc3 31. bxc3 Bg7 32. Bh3 Bxd4+ 33. cxd4 Rc4 34. Rf4 Qb6 35. Qf2 Qa7 36. Be6 Qb7 37. Qf3 Rc7 38. Bxd5 Qb4 39. Rf1 Qe7 40. Bb3 Rd7 41. Kg2 Kg7 42. Rf2 f5 43. Re2 Qg5+ 44. Qg3 Qf6 45. Qe3 Rb8 46. Rf3 Rxd4 47. Qe7+ Qxe7 48. Rxe7+ Kf6 49. Rfe3 h5 50. R7e6+ Kg5 51. Rg3+ Rg4 52. Rxg4+ hxg4 53. Bd1 Rb2+ 54. Kg1 Rd2 55. Re1 Kh4 56. Ba4 f4 57. Bc6 f3 58. Re8 Rg2+ 59. Kf1 Rc2 60. Bd7 Kg5 61. Rg8 Rxh2 62. Be8 g3 0-1

[Event "January 9 Early 2024"]
[Site "https://www.chess.com"]
[Date "2024.01.11"]
[Round "2"]
[White "Srihari L R"]
[Black "Niemann, Hans Moke"]
[Result "0-1"]
[Board "286"]
[TimeControl "180+1"]
[WhiteFideId "46617116"]
[BlackFideId "2093596"]
[WhiteElo "2673"]
[BlackElo "3074"]
[WhiteTeam "IND"]
[BlackTeam "USA"]
[WhiteClock "0:00:02"]
[BlackClock "0:00:03"]

1. c4 e5 2. Nc3 Nf6 3. Nf3 Nc6 4. e3 Be7 5. a3 a5 6. d4 exd4 7. exd4 d5 8. c5 O-O 9. Bb5 Bg4 10. Be3 Ne4 11. O-O Bf6 12. Be2 Re8 13. Re1 Ne7 14. h3 Bxf3 15. Bxf3 Nf5 16. Bxe4 dxe4 17. Qg4 Nxe3 18. fxe3 Qc8 19. Nxe4 Be7 20. Qf3 Bh4 21. Re2 Qe6 22. Nc3 c6 23. e4 Rad8 24. d5 Qe5 25. Rd1 Be7 26. b4 axb4 27. axb4 Bf6 28. Rd3 h5 29. g3 Ra8 30. Kg2 Ra3 31. Ree3 Rb3 32. dxc6 bxc6 33. Nd5 Rb2+ 34. Kf1 cxd5 35. exd5 Rb1+ 36. Kf2 Qb2+ 37. Qe2 Qxe2+ 38. Kxe2 Ra8 39. Rb3 Ra2+ 40. Kf3 Rf1+ 41. Ke4 Rd2 42. Rbd3 Rb2 43. Rb3 Rc2 44. d6 Kf8 45. Kd5 g6 46. b5 Rfc1 47. d7 Rxc5+ 48. Ke4 Re5+ 49. Kf3 Rxe3+ 50. Kxe3 Rd1 51. b6 Be5 52. b7 Bxg3 53. Ke2 Rxd7 0-1

[Event "January 9 Early 2024"]
[Site "https://www.chess.com"]
[Date "2024.01.11"]
[Round "2"]
[White "Liascovich, Lucas"]
[Black "Yurovskykh, Oleksandr"]
[Result "1/2-1/2"]
[Board "287"]
[TimeControl "180+1"]
[WhiteFideId "108634"]
[BlackFideId "14134020"]
[WhiteElo "2901"]
[BlackElo "2617"]
[WhiteTeam "ARG"]
[BlackTeam "UKR"]
[WhiteClock "0:00:22"]
[BlackClock "0:00:06"]

1. e4 e6 2. d3 c5 3. Nd2 Nc6 4. g3 d6 5. Bg2 Nf6 6. f4 Be7 7. Ngf3 O-O 8. O-O Rb8 9. a4 a6 10. b3 b5 11. axb5 axb5 12. Bb2 Bb7 13. h3 d5 14. e5 Nd7 15. Qe2 b4 16. g4 Qb6 17. Kh1 Ra8 18. f5 Rxa1 19. Rxa1 Ra8 20. Rxa8+ Bxa8 21. h4 Bd8 22. h5 h6 23. Qe3 Qb8 24. fxe6 fxe6 25. Qf4 Be7 26. g5 Qf8 27. Qxf8+ Nxf8 28. g6 Nd7 29. Bh3 Nd8 30. Kg1 Kf8 31. Kf2 Bc6 32. d4 Bb5 33. dxc5 Bxc5+ 34. Bd4 Ke7 35. Bxc5+ Nxc5 36. Nd4 Bd7 37. Ke3 Nc6 38. Nxc6+ Bxc6 39. Nf3 Bb5 40. Nd4 Bd7 41. Bg4 Kd8 42. Be2 Ke7 43. Bf1 Nb7 44. Nf3 Kd8 45. Kd4 Kc7 46. Ba6 Nd8 47. Kc5 Nc6 48. Bb5 Ne7 49. Nd4 Bc8 50. Kxb4 Kb6 51. c4 dxc4 52. bxc4 Nf5 53. c5+ Kc7 54. Kc3 Nxd4 55. Kxd4 Bb7 56. Be8 Bf3 57. Bf7 Kd7 58. c6+ Bxc6 59. Ke3 Ba4 60. Kf4 Ke7 61. Kg3 Bd1 62. Kh4 Be2 63. Bg8 Bd1 64. Bf7 Be2 65. Bg8 Bd1 66. Bf7 1/2-1/2

[Event "January 9 Early 2024"]
[Site "https://www.chess.com"]
[Date "2024.01.11"]
[Round "2"]
[White "Nord, Alexander"]
[Black "Parfenov, Viktor N."]
[Result "0-1"]
[Board "288"]
[TimeControl "180+1"]
[WhiteFideId "1738135"]
[BlackFideId "4165969"]
[WhiteElo "2338"]
[BlackElo "2534"]
[WhiteTeam "SWE"]
[BlackTeam "RUS"]
[WhiteClock "0:00:01"]
[BlackClock "0:00:07"]

1. d4 d5 2. Nc3 Nf6 3. Bg5 h6 4. Bxf6 exf6 5. e3 c6 6. Bd3 f5 7. Nge2 Bd6 8. g3 h5 9. h4 g6 10. Nf4 Nd7 11. Nce2 Nf6 12. c4 dxc4 13. Bxc4 Ne4 14. Qb3 Qe7 15. a3 b5 16. Bd3 a6 17. Qc2 Bd7 18. O-O O-O 19. Rfc1 Rac8 20. Nc3 Rfe8 21. Bf1 Bxf4 22. exf4 c5 23. Nxe4 fxe4 24. dxc5 e3 25. fxe3 Qxe3+ 26. Qf2 Qe6 27. Bg2 Bc6 28. b4 Bxg2 29. Qxg2 Qb3 30. Re1 Rxe1+ 31. Rxe1 Qxa3 32. Rb1 Qd3 33. Re1 Qd4+ 34. Qf2 Qxb4 35. Rc1 a5 36. c6 Qd6 37. Qb6 b4 38. Qxa5 Qd4+ 39. Kh1 Qe4+ 40. Kh2 Qe2+ 41. Kh3 Qe6+ 42. Kh2 b3 43. c7 Qe2+ 44. Kh3 Qe6+ 45. Kh2 b2 46. Rb1 Qe2+ 47. Kh3 Qg4+ 48. Kh2 Qe2+ 49. Kh3 Qc2 50. Qe1 Rxc7 51. Qe8+ Kh7 52. Qe1 Qf5+ 53. Kh2 Rc2+ 54. Kg1 Qc5+ 55. Kf1 Qc4+ 56. Kg1 Qd4+ 57. Kf1 Qd3+ 58. Kg1 Qf3 59. Qd1 Qg2# 0-1

[Event "January 9 Early 2024"]
[Site "https://www.chess.com"]
[Date "2024.01.11"]
[Round "2"]
[White "Stojanovski, Sandi"]
[Black "Rakhmatullaev, Almas"]
[Result "1/2-1/2"]
[Board "289"]
[TimeControl "180+1"]
[WhiteFideId "1403249"]
[BlackFideId "14205793"]
[WhiteElo "2560"]
[BlackElo "2825"]
[WhiteTeam "DEN"]
[BlackTeam "UZB"]
[WhiteClock "0:00:08"]
[BlackClock "0:00:06"]

1. d3 d5 2. Nf3 c5 3. g3 Nc6 4. Bg2 Nf6 5. O-O e6 6. c4 Be7 7. Bf4 O-O 8. Ne5 Qb6 9. Nxc6 bxc6 10. b3 Nd7 11. Nc3 Bb7 12. e4 d4 13. Na4 Qd8 14. Bd2 Nb6 15. Ba5 Bd6 16. f4 f6 17. a3 Rf7 18. b4 Bc7 19. Nxc5 Bc8 20. e5 fxe5 21. Bxc6 exf4 22. Bxb6 axb6 23. Bxa8 bxc5 24. Qg4 e5 25. Qh4 g5 26. Qh5 Be6 27. Be4 Rg7 28. Kh1 Qd7 29. gxf4 exf4 30. Rg1 g4 31. Raf1 cxb4 32. axb4 Kh8 33. Bd5 Bf5 34. Be4 Bxe4+ 35. dxe4 f3 36. Qd5 Qe7 37. e5 Bxe5 38. Re1 f2 39. Rxe5 fxg1=Q+ 40. Kxg1 Qf8 41. Qe4 Qf6 42. Re8+ Rg8 43. Qe5 Qxe5 44. Rxe5 Rd8 45. Rd5 Rxd5 46. cxd5 Kg7 47. Kf2 Kf6 48. Ke2 Ke5 49. Kd3 Kxd5 50. b5 h5 51. b6 Kc6 52. Kxd4 h4 53. Ke4 g3 54. hxg3 hxg3 55. Kf3 Kxb6 56. Kg2 Kc5 57. Kxg3 1/2-1/2

[Event "January 9 Early 2024"]
[Site "https://www.chess.com"]
[Date "2024.01.11"]
[Round "2"]
[White "Hejazipour, Mitra"]
[Black "Plyasunov, Daniil"]
[Result "1-0"]
[Board "290"]
[TimeControl "180+1"]
[WhiteFideId "12505951"]
[BlackFideId "44133839"]
[WhiteElo "2465"]
[BlackElo "2744"]
[WhiteTeam "FRA"]
[BlackTeam "RUS"]
[WhiteClock "0:00:06"]
[BlackClock "0:00:05"]

1. d4 Nf6 2. c4 c5 3. d5 b5 4. cxb5 a6 5. b6 d6 6. Nc3 Nbd7 7. Nf3 g6 8. a4 Qxb6 9. e4 Bg7 10. Nd2 O-O 11. a5 Qc7 12. Nc4 Ne8 13. Bd3 e5 14. O-O Ndf6 15. Na4 Rb8 16. Nab6 Bd7 17. Na3 Bc8 18. h3 Nh5 19. Qe2 Nf4 20. Bxf4 exf4 21. Rac1 Qd8 22. Rc2 Nf6 23. Bxa6 Bxa6 24. Qxa6 f3 25. g3 Nxe4 26. Qd3 Re8 27. Qxf3 Ng5 28. Qg2 f5 29. Nb5 Qf6 30. Na7 f4 31. gxf4 Qxf4 32. Qg4 Qf6 33. Nc6 Rb7 34. Nc4 Rf7 35. f4 Ne4 36. a6 h5 37. Qg2 g5 38. fxg5 Qg6 39. Rxf7 Qxf7 40. a7 Qxd5 41. a8=Q Rxa8 42. Ne7+ Kh8 43. Nxd5 Ra1+ 44. Kh2 Re1 45. g6 h4 46. Nf4 Ng3 47. Rd2 Bd4 48. Nxd6 Be5 49. Nf7+ Kg7 50. Nxe5 c4 51. Rd7+ Kf6 52. g7 Nf1+ 53. Qxf1 Rxf1 54. g8=Q c3 55. Qf7+ Kxe5 56. Qe6+ Kxf4 57. Rf7+ Kg5 58. Rxf1 cxb2 59. Qg4+ Kh6 60. Rf6+ 1-0